 Dungeon Crawl Stone Soup version 0.24.0-2-g5b39cebb1c (webtiles) character file.

Game seed: 12386828548838440495, levelgen mode: deterministic

261 Aviak the Skirmisher (level 6, -3/60 HPs)
             Began as a Hill Orc Wanderer on Oct 30, 2019.
             Slain by an ogre
             ... wielding a +0 giant club
              (14 damage)
             ... on level 4 of the Dungeon.
             The game lasted 00:04:05 (2871 turns).

Aviak the Skirmisher (Hill Orc Wanderer)            Turns: 2871, Time: 00:04:06

Health: -3/60      AC: 18    Str: 15    XL:     6   Next: 18%
Magic:  0/6        EV:  1    Int:  8    God:
Gold:   165        SH:  0    Dex: 13    Spells: 5/5 levels left

rFire    . . .     SeeInvis .   s - +0 war axe
rCold    . . .     Gourm    .   (no shield)
rNeg     . . .     Faith    .   m - +0 crystal plate armour (curse)
rPois    .         Spirit   +   (no helmet)
rElec    .         Reflect  .   h - +0 cloak
rCorr    .         Harm     .   l - +0 pair of gloves (curse)
MR       .....                  (no boots)
Stlth    ..........             r - amulet of guardian spirit
HPRegen  0.20/turn              k - ring of wizardry
MPRegen  0.10/turn              n - -3 ring of intelligence (curse)

@: confused, marked, hasted, very quick
A: no striking features
a: no special abilities


You were on level 4 of the Dungeon.
You were hungry.

You visited 2 branches of the dungeon, and saw 5 of its levels.

You collected 165 gold pieces.

Inventory:

Hand Weapons
 s - a +0 war axe (weapon)
Armour
 h - a +0 cloak (worn)
 l - a cursed +0 pair of gloves (worn)
 m - a cursed +0 crystal plate armour (worn)
Jewellery
 k - a ring of wizardry (left hand)
 n - a cursed -3 ring of intelligence (right hand)
 r - an amulet of guardian spirit (around neck)
 u - an uncursed amulet of rage
Wands
 q - a wand of flame (13)
Scrolls
 a - a scroll of fear {unknown}
 c - a scroll of identify {unknown}
 e - 3 scrolls of remove curse {unknown}
 i - a scroll of fog {unknown}
 o - a scroll of blinking {unknown}
 p - 2 scrolls of enchant armour {unknown}
 t - 4 scrolls of teleportation
Potions
 b - a potion of lignification {!q}
 f - a potion of haste
Comestibles
 d - 5 rations


   Skills:
 + Level 7.3 Fighting
 - Level 1.3 Axes
   Level 1.0 Staves
 * Level 3.6 Armour
 + Level 2.8 Dodging
   Level 1.1 Shields
 - Level 1.0 Evocations


You had 5 spell levels left.
You didn't know any spells.
Your spell library contained the following spells:

 Spells                   Type           Power        Failure   Level  Hunger
 Corona                   Hex            #......      100%        1    ##.....
 Ensorcelled Hibernation  Hex/Ice        #.....       100%        2    ###....
 Confuse                  Hex            #.......     100%        3    ####...
 Dazzling Spray           Conj/Hex       #.....       100%        3    ####...
 Tukima's Dance           Hex            #.......     100%        3    ####...


Dungeon Overview and Level Annotations

Branches:
Dungeon (4/15)             Temple (1/1) D:4

Altars:
Ashenzari
Elyvilon
Fedhas
Hepliaklqana
Kikubaaqudgha
Makhleb
Nemelex Xobeh
Ru
Trog
Vehumet
Wu Jian
Xom
Yredelemnul
Zin
The Shining One


Message History

You kill the orc!
You hear a splash.
You miss something.
You hear some strange, mumbled words.
You are confused.
You enter the shallow water.
Moving in this stuff is going to be slow.
You hear some strange, mumbled words.
You are more confused.
Things that are here:
a +0 hand axe; a +0 whip; a +0 scale mail You closely miss the ogre.
The ogre is severely wounded.
The ogre hits you with a +0 giant club.
* * * LOW HITPOINT WARNING * * *
You're too confused to move!
The gnoll hits you but does no damage.
Unknown command.
You bump into the translucent rock wall.
The ogre hits you with a +0 giant club!
You die...

# #########.##
#..........#
#.# ##g##
##O{_#
#@#§§♣##
#.#♣gg§§§§####
#.#≈__♣♣.§#..#
#..♣≈._≈≈≈....
###^♣.^.g_#..
#..♣§§^^##.
##≈.§§.##
##≈§§## ##.##


You could see an ogre and 3 gnolls.

Vanquished Creatures
  Blork the orc (D:4)
  A hound (D:4)
  An orc wizard (D:4)
  5 adders
  An ooze (D:2)
  3 worms
  4 dart slugs
  2 leopard geckos
  9 orcs
  A ball python (D:1)
  4 giant cockroaches
  5 goblins
  10 hobgoblins
  2 jackals (D:3)
  3 quokkas
  5 bats
  5 frilled lizards
  5 kobolds
  A leopard gecko skeleton (D:4)
  4 rats
72 creatures vanquished.

Notes
Turn   | Place    | Note
-------+----------+-------------------------------------------
     0 | D:1      | Aviak the Hill Orc Wanderer began the quest for the Orb.
     0 | D:1      | Aviak set off with the following items: a +2 quarterstaff,
                  | a potion of lignification {!q}, a +0 robe, a ration, a
                  | scroll of teleportation
     0 | D:1      | Reached XP level 1. HP: 24/24 MP: 1/1
    50 | D:1      | Reached XP level 2. HP: 12/30 MP: 2/2
   493 | D:1      | Reached XP level 3. HP: 14/38 MP: 3/3
  1624 | D:2      | Reached skill level 1 in Armour
  1624 | D:2      | Reached XP level 4. HP: 41/45 MP: 4/4
  2075 | D:3      | Reached XP level 5. HP: 44/51 MP: 5/5
  2216 | D:3      | Reached skill level 7 in Fighting
  2347 | D:4      | Noticed Blork the orc
  2402 | D:4      | Killed Blork the orc
  2402 | D:4      | Reached XP level 6. HP: 18/60 MP: 6/6
  2421 | D:4      | Found a staircase to the Ecumenical Temple.
  2459 | Temple   | Entered the Ecumenical Temple
  2833 | D:4      | Found a shimmering altar of Xom.
  2834 | D:4      | Found a shimmering altar of Xom.
  2834 | D:4      | Found a shimmering altar of Xom.
  2836 | D:4      | Found a shimmering altar of Xom.
  2837 | D:4      | Found a shimmering altar of Xom.
  2871 | D:4      | Slain by an ogre

Levels and vault maps discovered:
D:1:      dpeg_arrival_renting, layout_loops_corners, minivault_26,
          nrook_campfire, minmay_small_reverse_x
D:2:      layout_basic, bh_walls_and_bars
D:3:      layout_rooms
D:4:      kennysheep_six_static_rooms, layout_loops_ring, xom_redecorated,
          kennysheep_mini_moat, minmay_temple_entry_sparse_star,
          kennysheep_generic_room_12, uniq_blork_the_orc
Temple:   jpeg_temple_clearing

Skill      XL: |  1  2  3  4  5 |
---------------+----------------+-----
Dodging        | 2 |  2.8
Armour         | 1 2 3 |  3.6
Fighting       | 7 |  7.3
Axes           | |  1.3
Staves         | |  1.0
Shields        | |  1.1
Evocations     | |  1.0

Action                   |  1- 3 |  4- 6 || total
-------------------------+-------+-------++-------
Melee: Quarterstaff      |   102 |    88 ||   190
       War axe           |       |    98 ||    98
  Use: Potion            |       |     7 ||     7
 Stab: Invisible         |       |     2 ||     2
  Eat: Chunk             |     2 |     4 ||     6
Armor: Robe              |    16 |       ||    16
       Crystal plate arm |    47 |   314 ||   361
Dodge: Dodged            |    48 |    13 ||    61
